 Dungeon Crawl Stone Soup version 0.21.1-1-g345015fe64 (webtiles) character file.

7731 DarkMoon the Transmogrifier (level 11, -5/95 HPs)
             Began as a White Draconian Transmuter on Apr 23, 2018.
             Was a Priest of Sif Muna.
             Slain by an ogre
             ... wielding a +0 giant club
              (9 damage)
             ... on level 9 of the Dungeon.
             The game lasted 00:37:48 (12054 turns).

DarkMoon the Transmogrifier (DrTm)                 Turns: 12054, Time: 00:37:49

Health: -5/95      AC:  8    Str: 14    XL:     11   Next: 0%
Magic:  12/17      EV: 15    Int: 17    God:    Sif Muna [***...]
Gold:   611        SH:  0    Dex: 12    Spells: 5/18 levels left

rFire    . . .     SeeInvis .     - Unarmed
rCold    + + .     Gourm    .   (shield currently unavailable)
rNeg     . . .     Faith    +   (armour unavailable)
rPois    +         Spirit   .   (helmet restricted)
rElec    .         Reflect  .   (no cloak)
rCorr    .         Harm     .   (gloves currently unavailable)
MR       .....                  (no boots)
Stlth    ++........             o - amulet of faith
HPRegen  0.25/turn              w - +1 ring of protection
MPRegen  0.15/turn              F - ring of protection from cold

@: short of breath, blade hands
A: breathe frost, unfitting armour, cold resistance 1, poison resistance, strong
1, cold-blooded, AC +7
a: Breathe Frost, End Transformation, Divine Energy, Channel Magic, Renounce
Religion


You were on level 9 of the Dungeon.
You worshipped Sif Muna.
Sif Muna was most pleased with you.
You were very hungry.
You had blades for hands.
You visited 3 branches of the dungeon, and saw 11 of its levels.

You collected 611 gold pieces.

Inventory:

Missiles
 a - 82 arrows
Armour
 n - a +0 pair of gloves (melded)
Jewellery
 o - an amulet of faith (around neck)
 w - a +1 ring of protection (left scythe-like blade)
 F - a ring of protection from cold (right scythe-like blade)
Wands
 p - a wand of acid (8)
 x - a wand of polymorph (14)
Scrolls
 e - a scroll of amnesia {unknown}
 f - 4 scrolls of enchant armour {unknown}
 h - a scroll of blinking {unknown}
 i - 3 scrolls of enchant weapon {unknown}
 l - 5 scrolls of magic mapping {unknown}
 q - 2 scrolls of noise {unknown}
 t - 10 scrolls of identify
 A - 5 scrolls of remove curse {unknown}
 B - 4 scrolls of teleportation {unknown}
 C - a scroll of vulnerability {unknown}
 D - 2 scrolls of fog {unknown}
 G - a scroll of immolation {unknown}
Potions
 d - 2 potions of lignification
 g - 2 potions of agility
 k - 4 potions of flight
 m - 6 potions of curing
 r - 3 potions of haste
 u - a potion of might
 z - 4 potions of heal wounds
 E - a potion of invisibility
Books
 b - a book of Changes

   Spells                             Type                      Level
   a - Beastly Appendage              Transmutation                1
   b - Sticks to Snakes               Transmutation                2
   c - Spider Form                    Transmutation/Poison         3
   d - Ice Form                       Ice/Transmutation            4
   e - Blade Hands                    Transmutation                5
 s - a book of Misfortune

   Spells                             Type                      Level
   a - Confusing Touch                Hexes                        1
   b - Confuse                        Hexes                        3
   c - Gell's Gravitas                Translocation                3
   d - Petrify                        Transmutation/Earth          4
   e - Metabolic Englaciation         Hexes/Ice                    5
   f - Yara's Violent Unravelling     Hexes/Transmutation          5
 v - a book of Spatial Translocations

   Spells                             Type                      Level
   a - Blink                          Translocation                2
   b - Shroud of Golubria             Charms/Translocation         2
   c - Lesser Beckoning               Translocation                3
   d - Gell's Gravitas                Translocation                3
   e - Teleport Other                 Translocation                3
   f - Passage of Golubria            Translocation                4
 y - a book of Cantrips

   Spells                             Type                      Level
   a - Confusing Touch                Hexes                        1
   b - Animate Skeleton               Necromancy                   1
   c - Summon Small Mammal            Summoning                    1
   d - Apportation                    Translocation                1
 H - a book of Clouds

   Spells                             Type                      Level
   a - Poisonous Vapours              Poison/Air                   2
   b - Mephitic Cloud                 Conjuration/Poison/Air       3
   c - Conjure Flame                  Conjuration/Fire             3
   d - Freezing Cloud                 Conjuration/Ice/Air          6
   e - Ring of Flames                 Charms/Fire                  7
Comestibles
 c - 9 rations


   Skills:
 + Level 8.6 Fighting
 - Level 6.0 Dodging
 - Level 1.0 Stealth
 - Level 9.0 Unarmed Combat
 + Level 4.4 Spellcasting
 - Level 10.1 Transmutations


You had 5 spell levels left.
You knew the following spells:

 Your Spells              Type           Power        Failure   Level  Hunger
a - Beastly Appendage     Tmut           #####.       9%          1    None
b - Blade Hands           Tmut           #####.....   36%         5    ######.
c - Sticks to Snakes      Tmut           #####...     11%         2    ##.....
k - Blink                 Tloc           N/A          65%         2    ##.....
s - Spider Form           Tmut/Pois      ###.......   34%         3    ###....


Dungeon Overview and Level Annotations

Branches:
Dungeon (9/15)             Temple (1/1) D:6            Lair (1/6) D:8
    Orc: D:9-12

Altars:
Ashenzari
Cheibriados
Dithmenos
Elyvilon
Fedhas
Gozag
Hepliaklqana
Kikubaaqudgha
Makhleb
Nemelex Xobeh
Okawaru
Qazlal
Ru
Sif Muna
Trog
Uskayaw
Vehumet
Wu Jian
Xom
Yredelemnul
Zin
The Shining One

Annotations:
D:6 2 transporterss hydras inside and another little slime vault
D:8 4 runed doors a vault with plenty bears andn several dream sheep


Innate Abilities, Weirdness & Mutations

You can breathe waves of freezing cold.
You can buffet flying creatures when you breathe cold.
Your icy white scales are hard. (AC +7)
You cannot fit into any form of body armour.
Your flesh is cold resistant. (rC+)
You are cold-blooded and may be slowed by cold attacks.
Your system is resistant to poisons. (rPois)
Your muscles are strong. (Str +2)


Message History

You slash the yak!
The yak is severely wounded.
The yak gores you!
* * * LOW HITPOINT WARNING * * *
You barely miss the yak.
The yak is severely wounded.
The yak closely misses you.
You slash the yak!
You kill the yak!
Sif Muna accepts your kill.
You have reached level 11!
Press: ? - help, Shift-Dir - straight line, f - ogre
Aim: an ogre, wielding a giant club You exhale a wave of freezing cold.
The freezing breath hits the ogre.
The ogre is moderately wounded.
You feel somewhat more hungry.
You slash the ogre!
The ogre is heavily wounded.
The ogre hits you with a giant club!
You die...

..........# #... .........# #...
........# #... #. #.......# #...
#... #.......# #... #... #......#
#..# #...# #......# #..#
#...###########......# #..'
...#............@O......######[.'
...#.......####'######.....[....#
...#.......#.........#........<.#
...#....>..#.........#..YY.....Y#
...#.......#.........#..........#
...#.......#.........#.....Y....#
...##......+.....#####.........##
....#......####### ...........+.
#####......... ..........Y#.


You could see an ogre.

Vanquished Creatures
  2 two-headed ogres (D:9)
  2 slime creatures (D:6)
  A troll (D:8)
  A hippogriff (D:8)
  10 yaks
  2 basilisks (D:8)
  3 porcupines
  5 orc warriors
  2 sky beasts
  A water moccasin (D:7)
  A hornet zombie (D:9)
  An ice beast (D:7)
  2 phantoms
  4 centaurs
  2 ogres
  2 crocodiles
  A bullfrog (D:7)
  5 big kobolds (D:6)
  A scorpion (D:6)
  4 wights (D:6)
  A howler monkey (D:5)
  A bullfrog zombie (D:7)
  2 crimson imps
  A quasit (D:7)
  A centaur zombie (D:6)
  3 orc priests
  2 hounds
  2 jellies
  An iguana (D:8)
  3 orc wizards
  5 worker ants
  2 hound zombies (D:6)
  A howler monkey skeleton (D:7)
  9 adders
  A shadow imp (D:6)
  4 oozes (D:6)
  An adder zombie (D:6)
  2 adder skeletons
  6 worms
  2 dart slugs
  3 leopard geckos
  17 orcs
  4 bats (D:1)
  8 giant cockroaches
  11 goblins
  6 hobgoblins
  5 jackals
  9 kobolds
  3 quokkas
  A ball python (D:4)
  8 frilled lizards
  A giant cockroach zombie (D:5)
  A jackal zombie (D:6)
  A quokka skeleton (D:4)
  A quokka zombie (D:6)
  12 rats
  A spectral orc (D:2)
194 creatures vanquished.

Vanquished Creatures (collateral kills)
  A hungry ghost (D:7)
  A jelly (D:6)
2 creatures vanquished.

Vanquished Creatures (others)
  A basilisk (D:8)
  6 fungi (D:6)
  A plant (D:8)
  8 toadstools (D:6)
16 creatures vanquished.

Grand Total: 212 creatures vanquished

Notes
Turn   | Place    | Note
-------+----------+-------------------------------------------
     0 | D:1      | DarkMoon the Draconian Transmuter began the quest for the Orb.
     0 | D:1      | Reached XP level 1. HP: 16/16 MP: 3/3
   230 | D:1      | Reached XP level 2. HP: 9/24 MP: 3/5
   779 | D:1      | Reached skill level 1 in Stealth
  1211 | D:2      | Reached XP level 3. HP: 30/30 MP: 4/6
  1235 | D:2      | Learned a level 2 spell: Sticks to Snakes
  1239 | D:2      | Learned a level 3 spell: Spider Form
  1451 | D:2      | Reached XP level 4. HP: 11/38 MP: 3/7
  1939 | D:2      | Found a basalt altar of Yredelemnul.
  2519 | D:3      | Noticed a fire elemental
  2530 | D:3      | Reached skill level 3 in Transmutations
  2537 | D:3      | Found a stormy altar of Qazlal.
  2540 | D:3      | Noticed an air elemental
  2954 | D:3      | Found a shadowy altar of Dithmenos.
  3180 | D:3      | Noticed a water elemental
  3180 | D:3      | Noticed an earth elemental
  3669 | D:5      | Entered Level 5 of the Dungeon
  3694 | D:5      | Reached XP level 5. HP: 43/47 MP: 6/8
  3715 | D:5      | Reached skill level 5 in Fighting
  3951 | D:5      | Noticed a centaur
  3964 | D:5      | Killed a centaur
  3964 | D:5      | Reached XP level 6. HP: 25/57 MP: 7/9
  4201 | D:5      | Found a snail-covered altar of Cheibriados.
  4973 | D:6      | Found a blossoming altar of Fedhas.
  5250 | D:6      | Your scales start taking on an icy white colour.
  5250 | D:6      | Reached XP level 7. HP: 23/66 MP: 4/10
  5250 | D:6      | Gained mutation: Your flesh is cold resistant. (rC+) [White Draconian growth]
  5327 | D:6      | Found a bloodstained altar of Trog.
  5328 | D:6      | Found a shimmering altar of Xom.
  5328 | D:6      | Found a sparkling altar of Nemelex Xobeh.
  5328 | D:6      | Found a glowing silver altar of Zin.
  5640 | D:6      | Reached skill level 5 in Unarmed Combat
  6003 | D:6      | Found a staircase to the Ecumenical Temple.
  6007 | D:6      | Reached XP level 8. HP: 73/73 MP: 9/11
  6012 | Temple   | Entered the Ecumenical Temple
  6229 | Temple   | Became a worshipper of Sif Muna the Loreminder
  6280 | D:6      | Found a transporter.
  6291 | D:6      | Noticed a cyclops
  6292 | D:6      | Found a sacrificial altar of Ru.
  6292 | D:6      | Found a transporter.
  6292 | D:6      | Noticed an eight-headed hydra
  6347 | D:6      | Found an ancient bone altar of Kikubaaqudgha.
  6834 | D:6      | Learned a level 5 spell: Blade Hands
  7198 | D:6      | Noticed a slime creature
  7488 | D:7      | Found a white marble altar of Elyvilon.
  7848 | D:7      | Reached * piety under Sif Muna
  7848 | D:7      | Reached skill level 4 in Transmutations
  8038 | D:7      | Reached XP level 9. HP: 63/79 MP: 1/12
  8174 | D:6      | Gained mutation: You are clumsy. (Dex -2) [mutagenic glow]
  8199 | D:6      | Gained mutation: You occasionally shout uncontrollably at your foes. [mutagenic glow]
  8237 | D:6      | Gained mutation: You are frail. (-10% HP) [mutagenic glow]
  8262 | D:6      | Gained mutation: You are resistant to hostile enchantments. (MR+) [mutagenic glow]
  8303 | D:6      | Lost mutation: You are frail. (-10% HP) [potion of mutation]
  8303 | D:6      | Lost mutation: You are clumsy. (Dex -2) [potion of mutation]
  8303 | D:6      | Gained mutation: You are dopey. (Int -2) [potion of mutation]
  8303 | D:6      | Lost mutation: You are resistant to hostile enchantments. (MR+) [potion of mutation]
  8303 | D:6      | Gained mutation: You have supernaturally acute eyesight. (SInv) [potion of mutation]
  8304 | D:6      | Lost mutation: You occasionally shout uncontrollably at your foes. [potion of mutation]
  8304 | D:6      | Lost mutation: You have supernaturally acute eyesight. (SInv) [potion of mutation]
  8304 | D:6      | Lost mutation: You are dopey. (Int -2) [potion of mutation]
  8304 | D:6      | Gained mutation: Your muscles are strong. (Str +2) [potion of mutation]
  8304 | D:6      | Gained mutation: Your system is resistant to poisons. (rPois) [potion of mutation]
  8345 | D:7      | Reached skill level 5 in Transmutations
  8927 | D:8      | Reached skill level 6 in Transmutations
  9096 | D:8      | Found a huge runed gate.
  9097 | D:8      | Found a huge runed gate.
  9109 | D:8      | Found a huge runed gate.
  9109 | D:8      | Found a huge runed gate.
  9109 | D:8      | Noticed a polar bear
  9109 | D:8      | Noticed a polar bear
  9109 | D:8      | Noticed a polar bear
  9248 | D:8      | Reached ** piety under Sif Muna
  9403 | D:7      | Reached skill level 7 in Transmutations
  9644 | D:6      | Killed a large slime creature
  9644 | D:6      | Reached skill level 5 in Dodging
  9644 | D:6      | Reached skill level 8 in Transmutations
  9645 | D:6      | HP: 2/79 [slime creature (19)]
 10205 | D:8      | Reached XP level 10. HP: 73/86 MP: 7/13
 10325 | D:8      | Found a staircase to the Lair.
 10340 | D:8      | Reached skill level 9 in Transmutations
 10588 | D:8      | Reached *** piety under Sif Muna
 11068 | Lair:1   | Entered Level 1 of the Lair of Beasts
 11087 | Lair:1   | Noticed a spiny frog
 11092 | D:8      | Learned a level 2 spell: Blink
 11609 | D:9      | Noticed a two-headed ogre
 11665 | D:9      | Killed a two-headed ogre
 11665 | D:9      | Reached skill level 10 in Transmutations
 11991 | D:9      | Noticed a two-headed ogre
 11996 | D:9      | Killed a two-headed ogre
 12049 | D:9      | HP: 3/90 [yak (8)]
 12051 | D:9      | Reached XP level 11. HP: 3/95 MP: 12/17
 12054 | D:9      | Slain by an ogre

Skill      XL: |  1  2  3  4  5  6  7  8  9 10 |
---------------+-------------------------------+-----
Dodging        | 2 3 5 6 |  6.0
Fighting       | 2 3 4 6 7 8 |  8.6
Stealth        | 1 |  1.0
Transmutations | 3 4 8 10 | 10.1
Unarmed Combat | 6 9 |  9.0
Spellcasting   | 4 |  4.4

Action                   |  1- 3 |  4- 6 |  7- 9 | 10-12 || total
-------------------------+-------+-------+-------+-------++-------
Melee: Unarmed           |   125 |   238 |   380 |   106 ||   849
       Tailslap          |     5 |    18 |    38 |    14 ||    75
       Headbutt          |     4 |     9 |    19 |     5 ||    37
       Kick              |     8 |    25 |    15 |     2 ||    50
       Punch             |     1 |     3 |     7 |     2 ||    13
 Cast: Beastly Appendage |    19 |    37 |    28 |     4 ||    88
       Spider Form       |     3 |     7 |    15 |       ||    25
       Sticks to Snakes  |     1 |    10 |     7 |       ||    18
       Blade Hands       |       |       |     4 |    12 ||    16
 Abil: Breathe Frost     |       |       |     6 |     5 ||    11
Evoke: Wand              |       |       |     1 |     2 ||     3
  Use: Scroll            |       |     6 |     5 |       ||    11
       Potion            |       |       |     3 |       ||     3
 Stab: Sleeping          |     1 |       |     5 |       ||     6
  Eat: Chunk             |     3 |    11 |    19 |    12 ||    45
       Ration            |       |     1 |     1 |       ||     2
Armor: Skin              |    52 |    38 |   101 |    16 ||   207
Dodge: Dodged            |    89 |   131 |   194 |    49 ||   463
